 Dungeon Crawl Stone Soup version 0.29.1-2-gbd0b4ee654 (webtiles) character file.

Game seed: 8177165607643920114

1935 funnyparkerb the Slicer (level 9, -1/47 HPs)
             Began as a Vine Stalker Fighter on Nov 20, 2022.
             Was a Follower of Uskayaw.
             Slain by a hornet (2 damage)
             ... while paralysed by a hornet
             ... on level 7 of the Dungeon.
             The game lasted 00:13:03 (6308 turns).

funnyparkerb the Slicer (Vine Stalker Fighter)      Turns: 6308, Time: 00:13:03

Health: -1/47      AC: 13    Str: 22    XL:     9   Next: 17%
Magic:  0/21       EV:  2    Int:  8    God:    Uskayaw [*.....]
Gold:   247        SH:  0    Dex: 15    Spells: 8/8 levels left

rFire   . . .      SeeInvis .   y - +1 short sword (elec)
rCold   . . .      Faith    .   c - +0 buckler
rNeg    . . .      Spirit   +   u - +0 plate armour
rPois   .          Reflect  .   (no helmet)
rElec   .          Harm     .   F - +0 cloak
rCorr   .          Rampage  .   n - +0 pair of gloves
Will    +....                   (no boots)
Stlth   ..........              l - amulet of the acrobat
HPRegen 0.95/turn               v - ring of magical power
MPRegen 0.17/turn               K - +4 ring of evasion

@: paralysed, lethally poisoned (-1 -> -8), slowed
A: fangs 3, regeneration 1, magic shield, antimagic bite, no potion heal 2
a: Renounce Religion, Stomp


You were on level 7 of the Dungeon.
You worshipped Uskayaw.
Uskayaw was noncommittal.
You visited 2 branches of the dungeon, and saw 9 of its levels.
You also visited: Sewer.

You collected 407 gold pieces.
You spent 160 gold pieces at shops.

Inventory:

Hand Weapons
 y - a +1 short sword of electrocution (weapon)
 z - a +0 rapier
 A - a +2 antimagic dagger
Missiles
 H - a throwing net (quivered)
Armour
 c - a +0 buckler (worn)
 n - a +0 pair of gloves (worn)
 u - a +0 plate armour (worn)
 F - a +0 cloak (worn)
 J - a +0 kite shield
Jewellery
 l - an amulet of the acrobat (around neck)
 v - a ring of magical power (left hand)
 K - a +4 ring of evasion (right hand)
Wands
 b - a wand of flame (4)
 G - a wand of digging (3)
Scrolls
 e - a scroll of vulnerability {unknown}
 f - 2 scrolls of blinking {unknown}
 g - a scroll of magic mapping {unknown}
 j - a scroll of summoning {unknown}
 k - 3 scrolls of poison {unknown}
 o - 5 scrolls of identify {unknown}
 q - 2 scrolls of amnesia {unknown}
 r - a scroll of torment {unknown}
 x - a scroll of acquirement {unknown}
 I - a scroll of immolation {unknown}
Potions
 a - a potion of brilliance {unknown}
 d - 6 potions of might
 h - 4 potions of curing {unknown}
 i - 5 potions of degeneration {unknown}
 m - a potion of invisibility
 p - 2 potions of resistance {unknown}
 s - a potion of lignification {unknown}
 t - a potion of flight {unknown}
 B - 2 potions of magic {unknown}
 C - a potion of mutation {unknown}
 D - 5 potions of haste {unknown}
 E - 2 potions of attraction {unknown}


   Skills:
 + Level 5.3 Fighting
 * Level 9.0 Short Blades
 + Level 3.5 Armour
 - Level 2.6 Shields
 + Level 2.7 Invocations


You had 8 spell levels left.
You didn't know any spells.
Your spell library contained the following spells:

 Spells                   Type           Power      Damage    Failure   Level
 Freeze                   Ice            0%         1d3       100%        1
 Poisonous Vapours        Pois/Air       0%         N/A       100%        2
 Corpse Rot               Necr/Pois/Air  0%         N/A       100%        4


Dungeon Overview and Level Annotations

Branches:
Dungeon (8/15)             Temple (1/1) D:5           Sewer (visited)
   Lair: D:8-11

Altars:
Ashenzari
Cheibriados
Dithmenos
Elyvilon
Gozag
Hepliaklqana
Kikubaaqudgha
Makhleb
Nemelex Xobeh
Okawaru
Qazlal
Ru
Sif Muna
Trog
Uskayaw
Vehumet
Xom
Yredelemnul
Zin
The Shining One

Shops:
D:6 *

Annotations:
D:6 2 runed translucent doors, Jingleheimer's ghost, novice TrFi


Innate Abilities, Weirdness & Mutations

You have razor-sharp teeth.
Your natural rate of healing is unusually fast.
When hurt, damage is shared between your health and your magic reserves.
Your bite disrupts and absorbs the magic of your enemies.
Potions cannot restore your health.


Message History

The centaur kicks you but does no damage.
The hornet stings you but does no damage.
You block the centaur's attack. The centaur barely misses you.
The centaur hits you but does no damage.
The centaur kicks you but does no damage.
You hit the hornet but do no damage. You bite the hornet. You drain its power.
You feel invigorated.
The hornet is almost dead.
You feel sick.
The hornet seems less confused.
The hornet stings you!
You are more poisoned.
You feel as though you will be slow longer.
The centaur hits you.
The centaur kicks you but does no damage.
You hit the hornet but do no damage. You bite the hornet, but do no damage.
The hornet is almost dead.
You feel very sick. The hornet stings you!
* * * LOW HITPOINT WARNING * * *
You are lethally poisoned!
You suddenly lose the ability to move!
The centaur hits you but does no damage.
The centaur kicks you but does no damage.
The hornet stings you but does no damage.
* * * LOW HITPOINT WARNING * * *
You feel very sick.
The centaur hits you but does no damage.
The centaur kicks you but does no damage.
The hornet stings you.
You feel as though you will be slow longer.
The centaur hits you.
* * * LOW HITPOINT WARNING * * *
The centaur kicks you but does no damage.
* * * LOW HITPOINT WARNING * * *
You feel very sick. The hornet stings you.
* * * LOW HITPOINT WARNING * * *
You shrug off the repeated paralysis!
The centaur completely misses you.
The centaur kicks you but does no damage.
The hornet stings you.
You die...

#..# .##### ..#..# #
....) ..#..# # #....
#.#..# # #.... #.#..###
# ... #.#....# ##
..####(###.#..#.#######.
#.......(..#..#.#...#..>
#.....@.....##.........
###...yc..####.........
####....#............
####.####.........
..####.........
..#...)....#...
...#........†.#.
##.#............
#.#....#.#.....


You could see a hornet and a centaur.

Vanquished Creatures
  Eustachio (D:5)
  2 water moccasins
  An orc warrior (D:8)
  A sky beast (D:6)
  A black bear (D:4)
  2 ogres
  Blork the orc (D:4)
  A kobold brigand (Sewer)
  A gnoll sergeant (D:6)
  2 necrophages
  2 scorpions
  A howler monkey (D:6)
  2 hounds
  2 orc priests
  A jelly (D:4)
  Terence (D:2)
  Crazy Yiuf (D:5)
  2 iguanas (D:6)
  Ijyb (D:3)
  An orc wizard (D:4)
  8 adders
  9 gnolls
  6 river rats
  A shadow imp (D:6)
  2 white imps
  3 worms
  A dart slug (D:3)
  12 orcs
  14 ball pythons
  5 bats
  8 endoplasms
  3 giant cockroaches
  11 goblins
  6 hobgoblins
  5 quokkas
  3 frilled lizards
  28 kobolds
  27 rats
179 creatures vanquished.

Vanquished Creatures (others)
  4 fungi
  2 plants (D:3)
6 creatures vanquished.

Grand Total: 185 creatures vanquished

Notes
Turn   | Place    | Note
-------+----------+-------------------------------------------
     0 | D:1      | funnyparkerb the Vine Stalker Fighter began the quest for
                  | the Orb.
     0 | D:1      | Reached XP level 1. HP: 11/11 MP: 2/2
    36 | D:1      | Reached skill level 2 in Short Blades
   324 | D:1      | Reached XP level 2. HP: 16/16 MP: 3/3
   749 | D:1      | Reached skill level 3 in Short Blades
   932 | D:1      | Reached XP level 3. HP: 19/19 MP: 4/4
  1774 | D:3      | Noticed Ijyb
  1784 | D:3      | Found a faded altar of an unknown god.
  1927 | D:3      | Gained mutation: Your natural rate of healing is unusually
                  | fast. [Vine Stalker growth]
  1927 | D:3      | Reached XP level 4. HP: 20/23 MP: 5/5
  1997 | D:3      | Reached skill level 4 in Short Blades
  2048 | D:3      | Got Plato's Reference Book on Snow
  2126 | D:3      | Noticed Terence
  2161 | D:2      | Killed Terence
  2295 | D:3      | Reached XP level 5. HP: 27/27 MP: 6/6
  2651 | D:4      | Noticed a black bear
  2689 | D:3      | Killed Ijyb
  2914 | D:5      | Entered Level 5 of the Dungeon
  2914 | D:5      | Noticed Blork the orc
  2927 | D:4      | Killed a black bear
  2928 | D:4      | Reached skill level 5 in Short Blades
  2928 | D:4      | Reached XP level 6. HP: 32/32 MP: 7/7
  3057 | D:4      | Found a bloodstained altar of Trog.
  3066 | D:4      | Identified the +2 whip of Hobrapamaa {freeze, Int+2}
  3134 | D:4      | Reached skill level 6 in Short Blades
  3185 | D:4      | Found a glowing drain.
  3223 | Sewer    | Entered a sewer
  3646 | Sewer    | Reached XP level 7. HP: 34/36 MP: 5/8
  4125 | D:4      | Reached skill level 7 in Short Blades
  4280 | D:4      | Killed Blork the orc
  4281 | D:4      | Gained mutation: You have razor-sharp teeth. [Vine Stalker
                  | growth]
  4281 | D:4      | Reached XP level 8. HP: 19/42 MP: 4/9
  4324 | D:5      | Found a faded altar of an unknown god.
  4367 | D:5      | Found a glowing golden altar of the Shining One.
  4394 | D:5      | Found a staircase to the Ecumenical Temple.
  4398 | D:5      | Noticed Eustachio
  4419 | D:5      | Killed Eustachio
  4420 | D:5      | Reached skill level 8 in Short Blades
  4430 | Temple   | Entered the Ecumenical Temple
  4567 | Temple   | Became a worshipper of Uskayaw the Reveller
  4773 | D:5      | Reached * piety under Uskayaw
  5058 | D:5      | Found a runed translucent door.
  5059 | D:5      | Noticed Crazy Yiuf
  5066 | D:5      | Killed Crazy Yiuf
  5066 | D:5      | Reached ** piety under Uskayaw
  5259 | D:6      | Reached skill level 1 in Invocations
  5264 | D:6      | Reached *** piety under Uskayaw
  5321 | D:6      | Found a large runed translucent door.
  5321 | D:6      | Found a large runed translucent door.
  5322 | D:6      | Noticed Jingleheimer's ghost (novice TrFi)
  5513 | D:6      | Reached **** piety under Uskayaw
  5519 | D:6      | Reached ***** piety under Uskayaw
  5563 | D:6      | Reached skill level 5 in Fighting
  5721 | D:6      | Found Owier's Assorted Antiques.
  6033 | D:6      | Bought a twisted agate ring for 160 gold pieces
  6058 | D:7      | Found a radiant altar of Vehumet.
  6082 | D:8      | Reached XP level 9. HP: 21/47 MP: 11/11
  6218 | D:7      | Reached skill level 9 in Short Blades
  6294 | D:7      | Noticed a hornet
  6306 | D:7      | Paralysed by a hornet for 3 turns
  6308 | D:7      | HP: 2/47 [poisoned by a hornet]
  6308 | D:7      | Slain by a hornet

Illustrated notes

Levels and vault maps discovered:
D:1:      dpeg_arrival_simpleton_a, layout_basic, nicolae_eternal_life
D:2:      layout_rooms
D:3:      layout_basic, shapermc_ecumenical_altar_rom_forum, uniq_terence,
          uniq_ijyb
D:4:      layout_basic, mainiacjoe_overflow_24_doors, portal_sewer_entry_b
D:5:      layout_cave_pools, mainiacjoe_overflow_cross_hatched,
          minmay_temple_entry_statues_fountains, serial_column_ruins,
          column_ruins_temple_circle, column_ruins_columns_dead_end,
          column_ruins_corridor_straight, column_ruins_corridor_straight,
          column_ruins_corridor_T, column_ruins_open_medium,
          column_ruins_grid_3, column_ruins_columns_water, uniq_eustachio,
          uniq_crazy_yiuf_cottage, uniq_blork_the_orc
D:6:      layout_rooms, serial_shops, nicolae_take_the_stairs,
          ebering_ghost_disaster_area, grunt_ministairs_6, minivault_26,
          minmay_stone_trees_small
D:7:      minmay_recursive_quarters, layout_rooms, lemuel_crystal_altar
D:8:      layout_loops_ring, chequers_temple_overflow_statue_of_worship,
          lair_entry_dummy, disabler_island, uniq_amaemon, uniq_erica,
          uniq_psyche
Temple:   minmay_crystal_spiral_temple

Skill      XL: |  1  2  3  4  5  6  7  8  9 |
---------------+----------------------------+-----
Short Blades   | 2 3 4 5 6 7 8 9 |  9.0
Fighting       | 3 4 5 |  5.3
Invocations    | 2 |  2.7
Armour         | 3 |  3.5
Shields        | |  2.6

Action                   |  1- 3 |  4- 6 |  7- 9 || total
-------------------------+-------+-------+-------++-------
Melee: Rapier            |    68 |       |       ||    68
       Bite              |    26 |    51 |   118 ||   195
       Dagger            |    47 |   224 |   225 ||   496
       Short sword       |       |       |   114 ||   114
Throw: Throwing net      |       |       |     1 ||     1
       Dart              |       |       |     2 ||     2
Invok: Line Pass         |       |       |     5 ||     5
 Stab: Paralysed         |       |       |     4 ||     4
Armor: Scale mail        |    37 |    10 |       ||    47
       Plate armour      |       |    62 |   173 ||   235
Dodge: Dodged            |    36 |    70 |    73 ||   179
Block: Buckler           |    18 |    53 |    54 ||   125
